cohdb
Replays
Latest Replays
All Replays
Popular Replays
Top Player Replays
Match Explorer
How It Works
Community
CoH3 Stats
Reddit
Sign in to upload your games and track your stats! →
Sign in with Steam
Match 42747760
Unlisted
Match 42747760
Overview
Messages
Build Orders
End
Kradschützen Motorcycle Team
Panzerpioneer Squad
Selects Armored Support Battlegroup
Panzergrenadier Squad
250 Light Carrier
Panzergrenadier Squad
Construct Light Support Kompanie
Combat Half-tracks
Selects Superior Fire Drills
Selects Salvage Kits
Assault Mechanized Group
Fire Support Elements
Flakvierling Half-track
Flakvierling Half-track
2.5-tonne Medical Truck
Panzerjäger Mechanized Group
Pak 38 Anti-tank Gun Team
Selects Flammpanzer III Medium Tank
Flammpanzer III Medium Tank
2.5-tonne Medical Truck
Veteran Squad Leaders
Selects Command Panzer IV F Medium Tank
Selects Panzer Storm
Assault Mechanized Group
Command Panzer IV F Medium Tank
Selects Stuka Anti-tank Loiter
Flammpanzer III Medium Tank
Vehicle Survival Package
Stuka Anti-tank Loiter
Trion
7k this year for sure
0
0
Comments
sign in to comment!
No comments posted yet!